 Dungeon Crawl Stone Soup version 0.32-a0-818-gb728d0252e (webtiles) character file.

Game seed: 7716533572209478260

21 smashvw the Shield-Bearer (level 3, -1/29 HPs)
             Began as a Formicid Fighter on Mar 23, 2024.
             Slain by a goblin
             ... wielding a +0 club
             ... led by Robin
              (6 damage)
             ... on level 2 of the Dungeon.
             The game lasted 00:02:26 (1038 turns).

smashvw the Shield-Bearer (Formicid Fighter)        Turns: 1038, Time: 00:02:26

Health: -1/29      AC:  9    Str: 22    XL:     3   Next: 2%
Magic:  3/3        EV:  7    Int:  7    God:
Gold:   39         SH:  5    Dex: 13    Spells: 2/2 levels left

rFire   . . .        a - +0 flail
rCold   . . .        c - +0 buckler
rNeg    . . .        g - +0 chain mail
rPois   .            (helmet unavailable)
rElec   .            (no cloak)
rCorr   .            (no gloves)
SInv    +            (no boots)
Will    .....        (no amulet) Stlth
                     (no ring)
HPRegen 0.24/turn    (no ring)
MPRegen 0.08/turn

%: no passive effects
@: mighty
A: permanent stasis, dig shafts and tunnels, antennae 3, four strong arms
a: Dig, Shaft Self


You were on level 2 of the Dungeon.
You visited 1 branch of the dungeon, and saw 2 of its levels.

You collected 39 gold pieces.

Inventory:

Hand Weapons
 a - a +0 flail (weapon)
Armour
 c - a +0 buckler (worn)
 g - a +0 chain mail (worn)
Potions
 e - a potion of berserk rage {unknown}
 f - 2 potions of invisibility {unknown}


   Skills:
 + Level 3.6 Fighting
 + Level 2.3 Maces & Flails
 + Level 3.5 Armour
 + Level 4.3 Shields


You had 2 spell levels left.
You didn't know any spells.
Your spell library contained the following spells:

 Spells                   Type           Power      Damage    Failure   Level
 Summon Small Mammal      Summ           0%         N/A       98%         1
 Call Canine Familiar     Summ           0%         N/A       100%        3
 Summon Blazeheart Golem  Fire/Summ      0%         N/A       100%        4


Dungeon Overview and Level Annotations

Branches:
Dungeon (2/15)

Altars:

Shops:
D:1 :*

Annotations:
D:2 Robin


Innate Abilities, Weirdness & Mutations

You cannot be hasted, slowed, berserked, paralysed or teleported.
You can dig through walls and to a lower floor.
You have a pair of large antennae on your head. (SInv)
Your four strong arms can wield two-handed weapons with a shield.


Message History

The goblin hits you but does no damage.
The goblin shouts! x2
You hit Robin.
Robin is heavily wounded.
You hear a shout!
The hobgoblin closely misses you. The goblin hits you with a +0 dagger.
Robin hits you with a +0 short sword. You block the goblin's attack.
The goblin hits you with a +0 club. The hobgoblin barely misses you.
You are too injured to fight recklessly!
You are too injured to fight recklessly!
You are too injured to fight recklessly!
You hit the goblin.
You kill the goblin!
The goblin hits you but does no damage.
The hobgoblin hits you but does no damage.
The goblin hits you with a +0 dagger.
* * * LOW HITPOINT WARNING * * *
Robin throws the goblin at you!
The hobgoblin hits you but does no damage.
You have reached level 3!
Your experience leads to an increase in your attributes!
Increase (S)trength, (I)ntelligence, or (D)exterity?
You feel stronger. x2
A hobgoblin comes into view.
The hobgoblin shouts!
You hear a loud squeak.
The goblin no longer looks unusually strong.
The hobgoblin no longer looks unusually strong.
A quokka comes into view.
The goblin hits you with a +0 club.
* * * LOW HITPOINT WARNING * * *
The hobgoblin hits you but does no damage.
The goblin hits you but does no damage. x2
You see here a scroll labelled CERHIS GEHUE.
The hobgoblin attacks as it pursues you!
The hobgoblin barely misses you. The goblin hits you with a +0 dagger.
* * * LOW HITPOINT WARNING * * *
You feel very mighty all of a sudden.
The hobgoblin no longer looks unusually strong. x2
The goblin hits you but does no damage. The goblin hits you with a +0 club.
You die...

.# .#,#,# .#r#.# .#.#
.#r.{ .#.# .gg{{ ....
#.######g## ...
#.#.##.#...gg..## ..#
#.#.##.#..gg....# ..#
#.#.##.#..@gg...#. ..#
#.#.##.....g......# <.#
#.#.##..........### ..#
#.#.##........).#
..#####.#.##.>.<.....##
....................##
#..........†..........
###.##...###...#...##.#
#.###.## #.>.#.#.# .#


You could see Robin, a quokka, 4 hobgoblins, 5 goblins and a rat.

Vanquished Creatures
  A dart slug (D:1)
  2 endoplasms (D:1)
  A giant cockroach (D:1)
  3 goblins
  A quokka (D:2)
  3 bats (D:1)
  3 kobolds (D:1)
  3 rats (D:1)
17 creatures vanquished.

Notes
Turn   | Place    | Note
-------+----------+-------------------------------------------
     0 | D:1      | smashvw the Formicid Fighter began the quest for the Orb.
     0 | D:1      | Reached XP level 1. HP: 18/18 MP: 1/1
   263 | D:1      | Reached XP level 2. HP: 21/24 MP: 2/2
   311 | D:1      | Found Xuzupn's General Store.
   459 | D:1      | Found a faded altar of an unknown god.
   844 | D:1      | Found Saluej's Book Emporium.
  1025 | D:2      | Noticed Robin
  1036 | D:2      | Reached XP level 3. HP: 7/29 MP: 3/3
  1038 | D:2      | Slain by a goblin

Illustrated notes

Levels and vault maps discovered:
D:1:      nicolae_arrival_memento_mori, layout_basic, serial_shops, shop, shop,
          dreamdust_ecumenical_altar_hidden_monk_grotto
D:2:      layout_loops_ring, uniq_robin, uniq_crazy_yiuf_cottage

Action                     || total
---------------------------++-------
  Melee: Flail             ||    49
    Use: Potion            ||     1
 Armour: Scale mail        ||    30
         Chain mail        ||    37
  Dodge: Dodged            ||    33
  Block: Buckler           ||    15

Table legend: (Time is in decaauts)
 A = Elapsed time spent in this place.
 B = Non-inter-level travel time spent in this place.
 C = Inter-level travel time spent in this place.
 D = Time resting spent in this place.
 E = Time spent auto-exploring this place.
 F = Levels seen in this place.
 G = Mean time per level.
                   A        B        C        D        E       F      G
               +--------+--------+--------+--------+--------+-----+--------+
         Total |   1054 |   1035 |     19 |      0 |    879 |   2 |  527.0 |
       Dungeon |   1054 |   1035 |     19 |      0 |    879 |   2 |  527.0 |
               +--------+--------+--------+--------+--------+-----+--------+

Top non-repeatable levels by time:
     D:1: 1020 daAuts
     D:2: 33 daAuts
